 Dungeon Crawl Stone Soup version 0.31-a0-986-g5e6e4ef867 (console) character file.

Game seed: 11755243275716227328

1147 petzl the Sneak (level 8, -5/54 HPs)
             Began as a Formicid Delver on Nov 13, 2023.
             Was a Follower of Vehumet.
             Slain by an orc warrior
             ... wielding a +0 battleaxe
              (9 damage)
             ... in a bailey.
             The game lasted 00:27:42 (5834 turns).

petzl the Sneak (Formicid Delver)                   Turns: 5834, Time: 00:27:44

Health: -5/54      AC:  5    Str: 17    XL:     8   Next: 64%
Magic:  23/23      EV: 12    Int: 12    God:    Vehumet [*.....]
Gold:   192        SH:  0    Dex: 15    Spells: 7/15 levels left

rFire   + . .        b - +2 short sword (venom)
rCold   . . .        (no shield)
rNeg    . . .        K - +0 ring mail {rF+}
rPois   .            (helmet unavailable)
rElec   .            (no cloak)
rCorr   .            (no gloves)
SInv    +            (no boots)
Will    .....        (no amulet)
Stlth   +++          A - ring of magical power
HPRegen 0.29/turn    (no ring)
MPRegen 0.18/turn

%: no passive effects
@: no status effects
A: permanent stasis, dig shafts and tunnels, antennae 3, four strong arms, frail
1
a: Dig, Renounce Religion


You were in a bailey.
You worshipped Vehumet.
Vehumet was aware of your devotion.
You visited 2 branches of the dungeon, and saw 9 of its levels.
You also visited: Bailey.

You collected 399 gold pieces.
You spent 207 gold pieces at shops.

Inventory:

Hand Weapons
 a - a +1 sling
 b - a +2 short sword of venom (weapon)
 n - a +0 mace
 o - a +2 whip of electrocution
 u - a +0 dagger of electrocution {!f =f}
 C - a +1 trident of freezing
 J - a +4 hand axe of flaming {!f =f}
Missiles
 g - 42 stones
 t - 2 curare-tipped darts (quivered)
 F - 8 poisoned darts
Armour
 j - a +0 ring mail
 v - the +1 robe of Privacy {+Blink rElec Regen+ Dex-5}
   (You found it on level 2 of the Dungeon)

   Dex-5:     It affects your dexterity (-5).
   rElec:     It insulates you from electricity.
   +Blink:    It lets you blink.
   Regen+:    It increases your rate of health regeneration.
 w - a +0 leather armour
 K - a +0 ring mail of fire resistance (worn)
Jewellery
 A - a ring of magical power (left hand)
 I - a ring of resist corrosion
Talismans
 l - a storm talisman
Wands
 f - a wand of digging (3)
 E - a wand of flame (2)
Scrolls
 d - a scroll of revelation
 h - a scroll of enchant armour {unknown}
 q - a scroll of vulnerability {unknown}
 s - a scroll of blinking {unknown}
 x - 2 scrolls of teleportation {unknown}
 y - a scroll of brand weapon {unknown}
 B - a scroll of poison {unknown}
 D - 2 scrolls of enchant weapon
 H - 2 scrolls of identify {unknown}
Potions
 e - a potion of heal wounds {unknown}
 i - a potion of magic {unknown}
 m - a potion of mutation
 p - a potion of attraction {unknown}
 r - a potion of lignification {unknown}
 z - a potion of berserk rage {unknown}
 G - a potion of haste {unknown}


   Skills:
 + Level 4.8 Fighting
 - Level 2.0 Maces & Flails
 - Level 4.0 Ranged Weapons
 - Level 3.0 Armour
 + Level 3.2 Dodging
 - Level 6.0 Stealth
 + Level 4.2 Spellcasting
 + Level 2.5 Conjurations
 + Level 3.0 Fire Magic
 - Level 2.0 Evocations


You had 7 spell levels left.
You knew the following spells:

 Your Spells              Type           Power      Damage    Failure   Level
a - Foxfire               Conj/Fire      36%        2x1d5     12%         1
b - Freeze                Ice            8%         1d3       36%         1
c - Plasma Beam           Fire/Air       3%         2x1d13    100%        6

Your spell library contained the following spells:

 Spells                   Type           Power      Damage    Failure   Level
 Momentum Strike          Conj/Tloc      10%        3d8       34%         2
 Summon Small Mammal      Summ           8%         N/A       36%         1
 Lesser Beckoning         Tloc           4%         N/A       52%         2
 Call Canine Familiar     Summ           2%         N/A       75%         3
 Gell's Gravitas          Tloc           2%         N/A       75%         3
 Summon Guardian Golem    Hex/Summ       2%         N/A       75%         3
 Teleport Other           Tloc           2%         N/A       75%         3
 Starburst                Conj/Fire      4%         6d4       100%        6
 Blink                    Tloc           Unusable   N/A       N/A         2

Dungeon Overview and Level Annotations

Branches:
Dungeon (8/15)             Temple (1/1) D:5          Bailey (1/1)
   Lair: D:8-11

Altars:
Cheibriados
Dithmenos
Elyvilon
Fedhas
Gozag
Hepliaklqana
Kikubaaqudgha
Makhleb
Nemelex Xobeh
Okawaru
Qazlal
Ru
Sif Muna
Trog
Uskayaw
Vehumet
Xom
Yredelemnul
Zin
The Shining One

Shops:
D:2 =(   D:4 =

Annotations:
D:5 exclusion: downstairs
D:6 exclusion: steam dragon


Innate Abilities, Weirdness & Mutations

You cannot be hasted, slowed, berserked, paralysed or teleported.
You can dig through walls and to a lower floor.
You have a pair of large antennae on your head. (SInv)
Your four strong arms can wield two-handed weapons with a shield.
You are frail. (-10% HP)


Message History

The orc warrior hits you with a +0 hand axe.
* * * LOW HITPOINT WARNING * * *
Unknown command.
Unknown command.
Okay, then.
You feel better. The orc warrior misses you.
The orc warrior hits you with a +0 hand axe!
* * * LOW HITPOINT WARNING * * *
Unknown command.
You feel better. The orc warrior closely misses you.
The orc warrior barely misses you.
You hit the orc warrior but do no damage.
The orc warrior is lightly wounded.
The orc warrior splashes around in the water.
The orc warrior hits you with a +0 hand axe!
* * * LOW HITPOINT WARNING * * *
Press: ? - help, v - describe, . - travel
Here: an orc warrior, wielding a +0 hand axe and wearing a +0 ring mail (severely wounded, very poisoned)
The floor.
Unknown command.
Unknown command.
Aiming: Throw Flame
Press: ? - help, Shift-Dir - straight line, f/p - orc warrior
Aim: an orc warrior, wielding a +0 hand axe and wearing a +0 ring mail (severely wounded, very poisoned, 64% to hit)
The puff of flame misses the orc warrior.
The orc warrior hits you with a +0 battleaxe!
* * * LOW HITPOINT WARNING * * *
The orc warrior barely misses you.
Okay, then.
Okay, then.
Okay, then.
Unknown command.
Unknown command.
Throw: 3 darts (curare)
Press: ? - help, Q - select action, (/) - cycle Shift-Dir - straight line, f/p - orc warrior
Aim: an orc warrior, wielding a +0 hand axe and wearing a +0 ring mail (severely wounded, very poisoned, 50% to hit)
You throw a curare-tipped dart.
The curare-tipped dart closely misses the orc warrior.
The orc warrior hits you with a +0 battleaxe!
You die...

#.. #.8# #.... #######
#.8.. #.....#
..).#.....# #..#..⌠..#
#..'.....+ #..'.....+ {
#####'''##### { {
#.........o@# {
######~~~~...~~o~######
≈≈≈≈≈≈≈≈≈≈...≈≈≈≈≈≈≈≈≈≈
≈≈≈≈≈≈≈≈≈≈...≈≈≈≈≈≈≈≈≈≈
≈≈≈≈≈≈≈≈≈≈...≈≈≈≈≈≈≈≈≈≈
≈≈≈≈≈≈≈≈≈≈...≈≈≈≈≈≈≈≈≈≈
≈≈≈≈≈≈≈.).......≈≈≈≈≈≈≈
########)......########
#.......# #.......#
#...∩...# #.......#
###...### #.∩.# #####


You could see 2 orc warriors.

Vanquished Creatures
  A black bear (D:7)
  2 ogres (D:5)
  2 phantoms
  A scorpion (D:5)
  2 electric eels (Bailey)
  2 hounds (D:5)
  4 jellies
  Ijyb (D:3)
  3 sleepcaps (D:5)
  An iguana (D:5)
  Terence (D:3)
  5 gnolls
  6 adders
  3 white imps (D:7)
  4 ufetubi (D:5)
  3 dart slugs
  A worm (D:3)
  15 orcs
  2 bats
  7 endoplasms
  4 giant cockroaches
  7 goblins
  11 hobgoblins
  2 jackals (D:2)
  10 kobolds
  3 quokkas
  3 ball pythons
  2 frilled lizards
  3 rats
111 creatures vanquished.

Notes
Turn   | Place    | Note
-------+----------+-------------------------------------------
     0 | D:5      | petzl the Formicid Delver began the quest for the Orb.
     0 | D:5      | Reached XP level 1. HP: 18/18 MP: 1/1
    14 | D:4      | Found a shadowy altar of Dithmenos.
    28 | D:4      | Noticed a sleepcap
   220 | D:3      | Reached skill level 1 in Spellcasting
   220 | D:3      | Found a faded altar of an unknown god.
   237 | D:3      | Reached XP level 2. HP: 24/24 MP: 4/4
   382 | D:1      | Reached XP level 3. HP: 26/29 MP: 6/6
   677 | D:1      | Learned a level 1 spell: Foxfire
  1029 | D:2      | Found Qaokoj's Armour Boutique.
  1033 | D:2      | Found Lyeklih's Jewellery Emporium.
  1036 | D:2      | Reached XP level 4. HP: 35/35 MP: 8/8
  1079 | D:2      | Found Ugeidoc's Weapon Emporium.
  1086 | D:2      | Bought 3 curare-tipped darts for 36 gold pieces
  1086 | D:2      | Bought a +2 short sword of venom for 156 gold pieces
  1094 | D:2      | Identified the +1 robe of Privacy {+Blink rElec Regen+
                  | Dex-5}
  1131 | D:2      | Bought a +0 sling for 15 gold pieces
  1375 | D:2      | Reached XP level 5. HP: 37/41 MP: 9/9
  1613 | D:3      | Noticed Terence
  1622 | D:3      | Killed Terence
  1623 | D:3      | Reached skill level 1 in Ranged Weapons
  1623 | D:3      | Reached skill level 1 in Armour
  1623 | D:3      | Reached skill level 1 in Evocations
  1664 | D:3      | Found a sacrificial altar of Ru.
  1900 | D:3      | Reached skill level 1 in Fire Magic
  1972 | D:3      | Found a white marble altar of Elyvilon.
  1974 | D:3      | Found an opulent altar of Gozag.
  1975 | D:3      | Noticed Ijyb
  1998 | D:3      | Killed Ijyb
  1999 | D:3      | Reached skill level 1 in Conjurations
  2517 | D:4      | You fall into a shaft and drop 2 floors!
  2739 | D:5      | Reached XP level 6. HP: 37/48 MP: 10/10
  2886 | D:5      | Noticed an ogre
  3033 | D:4      | Found Futtamar's Jewellery Shop.
  3385 | D:4      | Reached XP level 7. HP: 25/54 MP: 12/12
  3670 | D:5      | Found a shimmering blue altar of Sif Muna.
  3731 | D:5      | Found a staircase to the Ecumenical Temple.
  3739 | Temple   | Entered the Ecumenical Temple
  3754 | Temple   | Became a worshipper of Vehumet
  3924 | D:6      | Noticed a steam dragon
  4188 | D:5      | Reached XP level 8. HP: 18/61 MP: 13/13
  5184 | D:7      | Reached * piety under Vehumet
  5184 | D:7      | Offered knowledge of Freeze by Vehumet.
  5187 | D:7      | Learned a level 1 spell: Freeze
  5194 | D:7      | Learned a level 6 spell: Plasma Beam
  5250 | D:7      | Found a flagged portal.
  5271 | Bailey   | Entered a bailey
  5275 | Bailey   | Gained mutation: You are frail. (-10% HP) [potion of
                  | mutation]
  5834 | Bailey   | Slain by an orc warrior

Illustrated notes

Levels and vault maps discovered:
D:1:      elethiomel_arrival_shortcut, layout_rooms, serial_forest,
          infiniplex_forest_clump_diagonal, infiniplex_forest_end_2,
          infiniplex_forest_clump_tiny, infiniplex_forest_clump_cross,
          minmay_gold_behind_fungi
D:2:      layout_rooms, serial_shops, shop, nicolae_shop_stone,
          nicolae_shop_bloodbath_and_beyond
D:3:      layout_loops_cross, jmf_multi_god_temple, mainiacjoe_overflow_paths,
          shapermc_ecumenical_altar_totnotflames, uniq_ijyb, uniq_terence
D:4:      nicolae_cairo_tiling, layout_gridville,
          mainiacjoe_overflow_cross_hatched, serial_shops,
          nicolae_shop_gaudy_bauble
D:5:      layout_loops_ring, old_standard_altar, temple_statues
D:6:      layout_layer_cave
D:7:      layout_cave_pools, enter_bailey_4, dk_rats_in_the_wall
D:8:      layout_gridville
Temple:   hellmonk_temple_of_storms
Bailey:   bailey_axe_of_yendor_kennysheep, bailey

Skill      XL: |  1  2  3  4  5  6  7  8 |
---------------+-------------------------+-----
Spellcasting   | 1 2 3 4 |  4.2
Ranged Weapons | 1 2 3 4 |  4.0
Armour         | 1 2 3 |  3.0
Dodging        | 2 3 |  3.2
Evocations     | 1 2 |  2.0
Fire Magic     | 1 2 3 |  3.0
Conjurations   | 1 2 |  2.5
Fighting       | 4 |  4.8
Maces & Flails | |  2.0
Stealth        | |  6.0

Action                     |  1- 3 |  4- 6 |  7- 9 || total
---------------------------+-------+-------+-------++-------
  Melee: Mace              |    48 |       |       ||    48
         Punch             |     2 |       |     2 ||     4
         Dagger            |    33 |    14 |       ||    47
         Short sword       |       |    53 |   109 ||   162
         Whip              |       |    10 |     9 ||    19
         Hand axe          |       |       |     4 ||     4
   Fire: Sling             |       |   114 |    59 ||   173
  Throw: Dart              |       |       |     7 ||     7
Ability: Shaft Self        |       |     1 |       ||     1
  Evoke: Wand              |       |       |     9 ||     9
    Use: Scroll            |       |       |     4 ||     4
         Potion            |       |       |     4 ||     4
   Stab: Sleeping          |     9 |     1 |     1 ||    11
         Distracted        |     1 |       |       ||     1
 Armour: Ring mail         |    27 |   116 |   117 ||   260
  Dodge: Dodged            |    33 |   101 |    92 ||   226

Table legend: (Time is in decaauts)
 A = Elapsed time spent in this place.
 B = Non-inter-level travel time spent in this place.
 C = Inter-level travel time spent in this place.
 D = Time resting spent in this place.
 E = Time spent auto-exploring this place.
 F = Levels seen in this place.
 G = Mean time per level.
                   A        B        C        D        E       F      G
               +--------+--------+--------+--------+--------+-----+--------+
         Total |   5890 |   5628 |    262 |   1561 |   2326 |  10 |  589.0 |
       Dungeon |   5297 |   5064 |    233 |   1187 |   2311 |   8 |  662.1 |
        Temple |     30 |      1 |     29 |      0 |      0 |   1 |   30.0 |
        Bailey |    561 |    561 |      0 |    374 |     15 |   1 |  561.0 |
               +--------+--------+--------+--------+--------+-----+--------+

Top non-repeatable levels by time:
     D:5: 1250 daAuts
     D:4: 1002 daAuts
     D:3: 969 daAuts
     D:1: 673 daAuts
     D:2: 612 daAuts
  Bailey: 561 daAuts
     D:6: 385 daAuts
     D:7: 214 daAuts
     D:8: 190 daAuts
  Temple: 30 daAuts
